AoeStats
← Ziko

Coastal Forest

511017085Analyzed
2v2 RM · 11h ago on Oct 3, 2026· 26m 29s· 4 players
Game mode
Random Map
Map size
Medium (4 player)
Population
200
Speed
Normal
Resources
Standard
Victory
Conquest
Starting age
Dark Age
Ending age
Imperial Age
RankedLock teamsTeams togetherTeam positionsShared explorationLock speedFull tech treeHidden civsTurbo modeCheats
Victory
Defeat
🇫🇷 Mongols · France
1406
+17
🇫🇷 Varangians · France
1402
+18
1447
-18
🇨🇳 Inca · China
1432
-17
MXTS | ¿Se vale nuevo DLC?
3:59 Loom
10:51 Feudal Age
11:26 Double-Bit Axe
11:22 Horse Collar
16:53 Town Watch
23:09 Castle Age
21:24 Gold Mining
23:45 Forging
23:35 Scale Mail Armor
24:03 Squires
25:46 Bow Saw
25:56 Pikeman
Fsee
10:26 Feudal Age
10:25 Loom
10:56 Double-Bit Axe
16:46 Castle Age
16:50 Crossbowman
18:02 Fletching
20:29 Bodkin Arrow
Ziko
6:29 Loom
9:18 Feudal Age
11:26 Double-Bit Axe
21:26 Castle Age
20:38 Scale Barding Armor
21:14 Bloodlines
21:52 Horse Collar
22:52 Chain Barding Armor
Tom
6:49 Loom
9:03 Feudal Age
13:09 Double-Bit Axe
16:01 Horse Collar
21:06 Castle Age
19:39 Bloodlines
19:47 Stone Mining
22:09 Bow Saw
26:21 Fletching
Connection lost

Rejoining the realm…

Still unreachable

The connection could not be restored.

Session expired

The server has moved on; the page needs a fresh start.